Cogmind - Beta 16 *** ADVENTURER MODE // 2025.11.21 @ 10:28:09 Player: Pixelizer Result: Self-destructed Performance ------------- Evolutions (3) 1500 Regions Visited (5) 1000 Robots Destroyed (34) 170 Value Destroyed (974) 974 Prototype IDs (1) 20 Alien Tech Used (0) 0 Bonus (500) 500 TOTAL SCORE: 4164 Bonus ------- Entered DSFs 500 Cogmind --------- Core Integrity 660/700 Matter 0/300 Energy 265/265 System Corruption 0% Temperature Cool (0) Movement Treading (165) Location -7/DSF Parts ------- > --- POWER (2) -------- Improved Ion Engine > --- PROPULSION (2) --- Improved Treads Armored Treads > --- UTILITY (6) ------ Medium Storage Unit System Shield > --- WEAPON (3) ------- (None) > --- INVENTORY (10) --- Light Ion Engine Improved Treads Improved Treads Armored Treads Armored Treads Minigun Minigun Minigun Peak State ------------ > --- POWER ------------ Ion Engine Light Nuclear Core > --- PROPULSION ------- Improved Treads Improved Treads > --- UTILITY ---------- Medium Storage Unit Light Armor Plating System Shield > --- WEAPON ----------- Minigun Minigun Minigun > --- INVENTORY -------- Light Ion Engine Improved Treads Improved Treads Minigun Assault Cannon [Rating: 23] Favorites ----------- Power Ion Engine Engine Ion Engine Power Core Light Nuclear Core Propulsion Light Treads Treads Light Treads Flight Unit Improved VTOL Module Utility Medium Storage Unit Storage Medium Storage Unit Hackware System Shield Protection Light Armor Plating Weapon Minigun Ballistic Gun Minigun Ballistic Cannon Assault Cannon Build | -11 -10 -9 -8 -7 -7 ------- Run | Yrd Mat Mat Mat Fac DSF Slots Evolved 6 | . . 2 2 2 . Power 1 | . . 1 . . . Propulsion . | . . . . . . Utility 4 | . . 1 1 2 . Weapon 1 | . . . 1 . . Parts Attached 22 | 6 2 8 6 . . Power 3 | 1 1 . 1 . . Engine 2 | 1 . . 1 . . Core 1 | . 1 . . . . Reactor . | . . . . . . Propulsion 8 | 2 . 5 1 . . Treads 6 | 2 . 3 1 . . Leg . | . . . . . . Wheel . | . . . . . . Hover . | . . . . . . Flight 2 | . . 2 . . . Utility 5 | 1 1 1 2 . . Device . | . . . . . . Storage 3 | 1 1 . 1 . . Processor . | . . . . . . Hackware 1 | . . . 1 . . Protection 1 | . . 1 . . . Artifact . | . . . . . . Weapon 6 | 2 . 2 2 . . Energy Gun . | . . . . . . Energy Cannon . | . . . . . . Ballistic Gun 5 | 2 . 2 1 . . Ballistic Cannon 1 | . . . 1 . . Launcher . | . . . . . . Special Weapon . | . . . . . . Impact Weapon . | . . . . . . Slashing Weapon . | . . . . . . Piercing Weapon . | . . . . . . Special Melee Weapon . | . . . . . . Unidentified Prototypes 1 | . . 1 . . . Parts Lost 2 | . . . 2 . . Power 1 | . . . 1 . . Propulsion . | . . . . . . Utility 1 | . . . 1 . . Weapon . | . . . . . . Highest Loss Streak 1 | . . . 1 . . To Critical Strikes . | . . . . . . Average Backups 4 | . 2 3 5 6 7 Power . | . 1 1 1 1 1 Propulsion 1 | . . . 2 2 3 Utility . | . . . . . . Weapon 1 | . 1 2 2 3 3 Tool/Special . | . . . . . . Unused Backups 7 | . . 2 1 . 4 Power 1 | . . . . . 1 Propulsion 2 | . . . 1 . 1 Utility . | . . . . . . Weapon 4 | . . 2 . . 2 Tool/Special . | . . . . . . Average Slot Usage (%) 81 | . 85 83 82 68 65 Engine 12 | . 12 11 13 15 15 Core 5 | . 1 11 3 . . Treads 20 | . 28 21 18 14 15 Storage 10 | . 14 11 8 7 7 Hackware 3 | . . . 7 7 7 Protection 3 | . . 7 4 . . Ballistic Gun 21 | . 28 21 19 15 12 Ballistic Cannon 2 | . . . 7 7 5 Peak Build Rating 23 | 6 8 19 23 22 23 Average Rating 14 | 4 6 13 21 21 21 On Entrance 12 | . 6 8 17 22 22 Avg Prop Armor Cover (%) . | . . . . . . Naked Turns . | . . . . . . Heaviest Build 34 | 14 19 29 34 33 33 Greatest Support 46 | 40 40 46 46 43 43 Greatest Overweight (x) 8 | . . 8 . 1 . Average Overweight (x) . | . . . . . . Largest Inventory Capacity 10 | 8 10 10 10 10 10 Average Capacity 9 | 7 9 10 9 10 10 Most Carried 8 | 1 4 6 6 6 8 Average Carried 4 | . 2 3 5 6 7 Final Capacity 10 | 8 10 10 10 10 10 Final Carried 8 | 1 4 5 6 6 8 Class Distribution -------------------- 61% | Mutant 26% | Hacker-Gunner 8% | Hacker-Tank 4% | Tank Dominant Class ---------------- Mutant | -10/Materials Mutant | -9/Materials Hacker-Gunner | -8/Materials Hacker-Gunner | -7/Factory Hacker-Gunner | -7/DSF Resources | -11 -10 -9 -8 -7 -7 ----------- Run | Yrd Mat Mat Mat Fac DSF Matter Collected 850 | 263 72 330 185 . . Remotely . | . . . . . . Salvage Created 1187 | 85 208 523 371 . . Parts 78 | 2 11 42 23 . . Haulers Intercepted . | . . . . . . Recyclers Shooed . | . . . . . . Parts Field Recycled . | . . . . . . Retrieved Matter . | . . . . . . Parts Self-Destructed . | . . . . . . Prevented . | . . . . . . Parts Restored . | . . . . . . Kills | -11 -10 -9 -8 -7 -7 ------- Run | Yrd Mat Mat Mat Fac DSF Combat Hostiles Destroyed 29 | . 4 15 10 . . Guns 28 | . 4 15 9 . . Cannons 1 | . . . 1 . . Classes Destroyed 6 | 1 2 3 . . . Recycler 1 | 1 . . . . . Watcher 4 | . 1 1 2 . . Swarmer 11 | . . 7 4 . . Grunt 11 | . 4 4 3 . . Duelist 1 | . . 1 . . . Sentry 6 | . . 3 3 . . Best Kill Streak 7 | 1 2 7 5 . . Combat Bots Only 7 | . 2 7 4 . . Max Kills in Single Turn 2 | 1 1 2 1 . . Gunslinging 1 | . . 1 . . . Exploded . | . . . . . . Melee . | . . . . . . Uniques/NPCs Destroyed . | . . . . . . Combat | -11 -10 -9 -8 -7 -7 -------- Run | Yrd Mat Mat Mat Fac DSF Hostile Shots Fired 151 | . 20 74 53 . 4 Missed 54 | . 5 30 19 . . Hits 97 | . 15 44 34 . 4 Melee 1 | . . 1 . . . Projectile 96 | . 15 43 34 . 4 Critical Strikes 3 | . . . 2 . 1 Damage Taken 1001 | . 140 384 321 . 156 Core 181 | . 18 56 67 . 40 Absorbed by Shields . | . . . . . . Ignored by Resistances 294 | . 43 115 94 . 42 Core Remaining (%) 91 | 100 92 86 87 . . Volleys Fired 74 | 3 13 28 30 . . Largest 3 | 2 2 2 3 . . Hottest 87 | 40 40 50 87 . . Shots Fired 178 | 6 26 56 90 . . Gun 153 | 6 26 56 65 . . Cannon 25 | . . . 25 . . Launcher . | . . . . . . Special . | . . . . . . Kinetic 178 | 6 26 56 90 . . Thermal . | . . . . . . Explosive . | . . . . . . Electromagnetic . | . . . . . . Robot Hit Streak 23 | 4 16 23 12 . . Robot Miss Streak 4 | 1 1 3 4 . . Penetration Max . | . . . . . . Secondary Targets 3 | . . 3 . . . Max Gunslinging Chain 1 | . . 1 . . . Shots Hit Robots 115 | 5 20 42 48 . . Core Hits 55 | 2 11 21 21 . . Critical Kills 1 | . . 1 . . . Critical Parts Destroyed . | . . . . . . Critical Strikes 2 | . . 1 1 . . Destroy 1 | . . 1 . . . Blast 1 | . . . 1 . . Melee Attacks . | . . . . . . Impact . | . . . . . . Slashing . | . . . . . . Piercing . | . . . . . . Sneak Attacks . | . . . . . . Combat Hostiles . | . . . . . . Follow-up Attacks . | . . . . . . Damage Inflicted 2067 | 61 234 738 1034 . . Guns 1719 | 61 234 730 694 . . Cannons 340 | . . . 340 . . Explosions . | . . . . . . Melee . | . . . . . . Ramming 8 | . . 8 . . . Kinetic 2059 | 61 234 730 1034 . . Thermal . | . . . . . . Explosive . | . . . . . . Electromagnetic . | . . . . . . Impact . | . . . . . . Slashing . | . . . . . . Piercing . | . . . . . . Highest Corruption . | . . . . . . Average Corruption . | . . . . . . Corruption Purged . | . . . . . . Corruption Blocked . | . . . . . . Overload Shots . | . . . . . . Overflow Damage 15 | . . . 15 . . Projectiles 15 | . . . 15 . . Explosions . | . . . . . . Melee . | . . . . . . Knockbacks 3 | . . . 3 . . Impact . | . . . . . . Kinetic 3 | . . . 3 . . Secondary . | . . . . . . Self-Inflicted Damage . | . . . . . . Shots . | . . . . . . Rammed 2 | . . 2 . . . Targets Rammed 2 | . . 2 . . . Kicked . | . . . . . . Crushed . | . . . . . . Highest Temperature 320 | . 8 105 320 . . Average Temperature 68 | . 3 43 86 . . Received Heat Transfer 366 | . 105 99 162 . . Effects 1 | . . . 1 . . Energy Bleed 1 | . . . 1 . . Siege Activations . | . . . . . . Martial Activations . | . . . . . . Shielding Activations . | . . . . . . Robots Disrupted . | . . . . . . Combat Hostiles . | . . . . . . Robots Corrupted . | . . . . . . Combat Hostiles . | . . . . . . Parts Fried . | . . . . . . Impact Corruptions . | . . . . . . Robots Melted . | . . . . . . Combat Hostiles . | . . . . . . Parts Melted . | . . . . . . Heat Transferred . | . . . . . . Parts Sabotaged . | . . . . . . Parts Stolen . | . . . . . . Parts Stripped . | . . . . . . Power Chain Reactions . | . . . . . . Alert | -11 -10 -9 -8 -7 -7 ------- Run | Yrd Mat Mat Mat Fac DSF Maximum Alert Level 1 | . . 1 1 . . Low Security (%) 82 | 100 100 91 45 100 100 Level 1 17 | . . 8 54 . . Level 2 . | . . . . . . Level 3 . | . . . . . . Level 4 . | . . . . . . Level 5 . | . . . . . . High Security . | . . . . . . Max Security . | . . . . . . Peak Influence 261 | 5 75 220 261 62 . Initial 64 | . 2 19 64 62 . Average 81 | . 20 68 183 33 . Influence Increases 828 | 5 130 376 317 . . Destroy 0b10 Robot/C 580 | . 80 300 200 . . Destroy 0b10 Robot/NC 25 | 5 5 5 10 . . Destroy Leader 148 | . 22 62 64 . . Successful Hack 17 | . 8 9 . . . Disable Machine 18 | . . . 18 . . Destroy Structure 10 | . . . 10 . . Lose Combat Pursuer 30 | . 15 . 15 . . Influence Decreases 828 | . 80 251 336 159 2 Entered New Map 256 | . 3 36 116 99 2 Time Decay 552 | . 77 215 200 60 . Lost Part 20 | . . . 20 . . Squads Dispatched 5 | . . 1 4 . . Investigation 2 | . . 1 1 . . Extermination . | . . . . . . Reinforcement . | . . . . . . Assault . | . . . . . . Garrison 3 | . . . 3 . . Intercept . | . . . . . . Searches Triggered . | . . . . . . Construction Impeded . | . . . . . . Haulers Reinforced . | . . . . . . Active Scanning Responses . | . . . . . . Cargo Convoy Interrupts . | . . . . . . Stealth | -11 -10 -9 -8 -7 -7 --------- Run | Yrd Mat Mat Mat Fac DSF Distress Signals 6 | . 1 . 5 . . Communications Jammed . | . . . . . . Distress Signals . | . . . . . . Times Spotted 51 | . 9 17 23 . 2 Peak Tracking Total 8 | . 3 6 8 . 1 Tactical Retreats 2 | . 1 . 1 . . Traps | -11 -10 -9 -8 -7 -7 ------- Run | Yrd Mat Mat Mat Fac DSF Traps Triggered 2 | . . 1 . 1 . Indirectly . | . . . . . . Trap Hack Attempts . | . . . . . . Triggered . | . . . . . . Disarmed . | . . . . . . Reprogrammed . | . . . . . . Reused . | . . . . . . Traps Extracted . | . . . . . . Installed . | . . . . . . Triggered . | . . . . . . Machines | -11 -10 -9 -8 -7 -7 ---------- Run | Yrd Mat Mat Mat Fac DSF Machines Disabled 2 | . . . 2 . . Max in Single Turn 1 | . . . 1 . . Machines Repaired . | . . . . . . Machines Dismantled . | . . . . . . Machines Sabotaged . | . . . . . . Overloaded Fab Kills . | . . . . . . Hacking | -11 -10 -9 -8 -7 -7 --------- Run | Yrd Mat Mat Mat Fac DSF Machines Accessed 5 | . 1 1 2 1 . Terminals 5 | . 1 1 2 1 . Fabricators . | . . . . . . Repair Stations . | . . . . . . Recycling Units . | . . . . . . Scanalyzers . | . . . . . . Garrison Access . | . . . . . . Total Hacks 15 | . 2 3 9 1 . Successful 6 | . 1 3 1 1 . Failed 9 | . 1 . 8 . . Catastrophic 3 | . 1 . 2 . . Database Lockouts . | . . . . . . Manual 12 | . 2 2 8 . . Terminals 15 | . 2 3 9 1 . Fabricators . | . . . . . . Repair Stations . | . . . . . . Recycling Units . | . . . . . . Scanalyzers . | . . . . . . Garrison Access . | . . . . . . Terminal Hacks 6 | . 1 3 1 1 . Record 2 | . . 1 1 . . Open DSF 1 | . . . . 1 . Level Access Points 2 | . 1 1 . . . Recall Investigation 1 | . . 1 . . . Fabricator Hacks . | . . . . . . Repair Station Hacks . | . . . . . . Recycling Unit Hacks . | . . . . . . Scanalyzer . | . . . . . . Garrison Access Hacks . | . . . . . . Unauthorized Hacks . | . . . . . . Terminals . | . . . . . . Fabricators . | . . . . . . Repair Stations . | . . . . . . Recycling Units . | . . . . . . Scanalyzers . | . . . . . . Garrison Access . | . . . . . . Data Cores Recovered . | . . . . . . Used . | . . . . . . Hacking Detections 4 | . 1 1 2 . . Full Trace Events 3 | . 1 . 2 . . Feedback Events . | . . . . . . Feedback Blocked . | . . . . . . Robot Schematics Acquired . | . . . . . . Robots Built . | . . . . . . Authchips . | . . . . . . Time . | . . . . . . Total Robot Build Rating . | . . . . . . Part Schematics Acquired . | . . . . . . Parts Built . | . . . . . . Authchips . | . . . . . . Time . | . . . . . . Total Part Build Rating . | . . . . . . Part Studies Acquired . | . . . . . . Parts Repaired . | . . . . . . Time . | . . . . . . Parts Recycled . | . . . . . . Recycled Matter . | . . . . . . Retrieved Matter . | . . . . . . Retrieved Components . | . . . . . . Parts Scanalyzed . | . . . . . . Part Schematics Acquired . | . . . . . . Parts Damaged . | . . . . . . Bothacking | -11 -10 -9 -8 -7 -7 ------------ Run | Yrd Mat Mat Mat Fac DSF Used RIF Installer . | . . . . . . Robots Hacked . | . . . . . . Non-combat . | . . . . . . Combat . | . . . . . . Robot Hacks Applied . | . . . . . . Relay Couplers Released . | . . . . . . Fabnet Peak Effective % . | . . . . . . Robots Rewired . | . . . . . . Allies Hacked . | . . . . . . Hacks Repelled . | . . . . . . Allies | -11 -10 -9 -8 -7 -7 -------- Run | Yrd Mat Mat Mat Fac DSF Total Allies . | . . . . . . Largest Group . | . . . . . . Highest-Rated Group . | . . . . . . Highest-Rated Ally . | . . . . . . Total Orders . | . . . . . . Ally Attacks . | . . . . . . Total Damage . | . . . . . . Kills . | . . . . . . Allies Corrupted . | . . . . . . Allies Melted . | . . . . . . Intel | -11 -10 -9 -8 -7 -7 ------- Run | Yrd Mat Mat Mat Fac DSF Active Infowar (turns) . | . . . . . . Robot Analysis Total . | . . . . . . Derelict Logs Recovered . | . . . . . . Drone Launches . | . . . . . . Drone Recoveries . | . . . . . . Exploration | -11 -10 -9 -8 -7 -7 ------------- Run | Yrd Mat Mat Mat Fac DSF Turns Passed 1492 | 72 296 542 404 131 47 Spaces Moved 740 | 35 154 264 186 76 25 Core 3 | 2 . 1 . . . Treads 736 | 33 154 262 186 76 25 Legs . | . . . . . . Wheels . | . . . . . . Hover . | . . . . . . Flight 1 | . . 1 . . . Fastest Speed 50 | 50 160 160 160 165 165 Average Speed 162 | 153 160 161 162 168 165 Slowest Speed 450 | 160 160 450 165 250 165 Overloaded Moves . | . . . . . . Propulsion Burnouts . | . . . . . . Robots Hopped . | . . . . . . Potential Cave-ins . | . . . . . . Cave-ins Triggered . | . . . . . . Exploration Rate (%) 22 | 3 38 35 23 2 31 Regions Visited 5 Branch Regions . Pre-discovered Areas . | . . . . . . Known Exits Taken 3 | . 1 1 . 1 . Unknown Exits Taken 2 | 1 . . 1 . . Scrap Searched . | . . . . . . Spaces Dug . | . . . . . . Terrain Destroyed 5 | . . . 5 . . Melee . | . . . . . . Projectile 5 | . . . 5 . . AOE . | . . . . . . Terrain Rammed . | . . . . . . Walls Destroyed . | . . . . . . Machines Disabled . | . . . . . . Actions | -11 -10 -9 -8 -7 -7 --------- Run | Yrd Mat Mat Mat Fac DSF Total 893 | 44 177 330 232 78 32 Wait 22 | . 4 10 6 . 2 Move 735 | 34 153 263 185 75 25 Hop . | . . . . . . Pick Up 15 | 1 4 5 3 . 2 Fast Attach 17 | 6 . 5 3 3 . Attach 4 | . . 3 1 . . Detach 2 | . . 2 . . . Swap 7 | . 2 3 2 . . Drop 15 | . 1 9 2 . 3 Fire 74 | 3 13 28 30 . . Melee . | . . . . . . Ram . | . . . . . . Kick . | . . . . . . Crush 2 | . . 2 . . . Escape Stasis . | . . . . . . Rewire . | . . . . . . Trap . | . . . . . . Miscellaneous . | . . . . . . Route ------- -11/Scrapyard -10/Materials (discovered 4 exits: *Mat x3 / [*Min]) -9/Materials (discovered 4 exits: *Mat x3 / [*Min]) -8/Materials -7/Factory -7/DSF History --------- Turn | Location | Event 4 | -11/Scrapyard | Discovered new exit (range 16) 73 | -11/Scrapyard | Entered Materials 161 | -10/Materials | Discovered new exit (range 13) 187 | -10/Materials | Identified exit to Materials 311 | -10/Materials | Build established: Mutant 369 | -10/Materials | Entered another Materials area 369 | -9/Materials | Evolved 2 slots: Power x1, Utility x1 596 | -9/Materials | Discovered new exit (range 6) 695 | -9/Materials | Identified exit to Materials 778 | -9/Materials | Destroyed 7 combat bots 911 | -9/Materials | Entered another Materials area 911 | -8/Materials | Evolved 2 slots: Utility x1, Weapon x1 1012 | -8/Materials | Garrison activated, responded to threat 1309 | -8/Materials | Discovered new exit (range 5) 1315 | -8/Materials | Entered Factory 1315 | -7/Factory | Evolved 2 slots: Utility x2 1383 | -7/Factory | Build established: Hacker-Gunner 1445 | -7/Factory | Identified exit to DSF 1446 | -7/Factory | Entered DSF 1493 | -7/DSF | Self-destructed Last Messages --------------- 01400_ Minigun severed. 01400_ Assault Cannon severed. 01400_ Imp. Treads severed. 01401_ Acquired Minigun. 01405_ Acquired Assault Cannon. 01412_ Acquired Imp. Treads. 01426_ U-05 Engineer lays Concrete. 01445_ Connecting with DSF Access... 01445_ Current location identified: Factory >>Open(DSF) DSF access unlocked. 01445_ EXIT=UNLOCKED: DSF LOCATION=DSF AMBIENT_HEAT=-10 GOAL=ESCAPE [Achievement: Oops] 01460_ Acquired Arm. Treads. 01485_ Dropped Minigun. 01486_ Dropped Assault Cannon. 01490_ Ion Engine blasted off. Map ----- +----------------------------------------------------+ | | | | | | | | | | | | | | | | | | | | | | | | | | | | | | | | | | | ???????????????????????????????????????????????? | | ???????????????????????????????????????????????? | | ???????????????????????????????????????????????? | | ???????##??????????????????????????????????????? | | ???????""#?????????????????????????????????????? | | ???????#"#?????????????????????????????????????? | | ????####"##???????#########????????????????????? | | ????#"""""######### % ]]#?###????????????????? | | ????#"""""##==# # ]@# #==##"""?????????? | | ????#"" % *[] ""???????? | | ??""""" % [ ""???????? | | ??###"" ## # ### ### #==## ""???????? | | ????### ###==# #?# #?? #??#?????????????? | | ??????# #?######## ]]??###????????????????? | | ?????#= ????????# ]]#????????????????????? | | ?????#= ????????# ]]#????????????????????? | | ?????## ##???????### ###????????????????????? | | ?????? =??????????[ !??????????????????????? | | ?????? =?????????[[ !??????????????????????? | | ?????? =?????????[[ H !!?????????????????????? | | ?????## #????????### ##?????????????????????? | | ?????? #??????????# #??????????????????????? | | ?????? ??????????? ??????????????????????? | | ?????? ??????????? ??????????????????????? | | ?????? ???????????? ???????????????????????? | | ???????????????????????????????????????????????? | | ???????????????????????????????????????????????? | | ???????????????????????????????????????????????? | | ???????????????????????????????????????????????? | | ???????????????????????????????????????????????? | | ???????????????????????????????????????????????? | | ???????????????????????????????????????????????? | | ???????????????????????????????????????????????? | +----------------------------------------------------+ Best States ------------- Heat Dissipation 34 Energy Generation 19 Energy Capacity 415 Matter Stores 300 Matter Capacity 300 Sight Range 16 Terrain Scan Density 10 Armor Coverage 150 Resistance: KI 20 Resistance: TH 20 Resistance: EX 20 Resistance: EM 20 Resistance: I 20 Resistance: S 20 Resistance: P 20 Evasion (%) 40 Recoil Reduction 2 Offensive Hacking 10 Defensive Hacking 10 Item Schematics ----------------- None Robot Schematics ------------------ None Fabricated ------------ Nothing Repaired ---------- Nothing Studied --------- None Alien Tech Used ----------------- None Achievements -------------- Oops Challenges ------------ None Game ------ Seed AlloyShadeInterpreter Manual? 0 Play Time 00:16:23 Cumulative 3.4 hours Start 2025.11.19 @ 15:24:19 End 2025.11.21 @ 10:28:09 Sessions 2 Manual Loads 0 Difficulty Adventurer Special Mode None Game No. 14 Rogue 6 Adventurer 8 Explorer 0 Win Type - Total 0 Types 0/0/0/0/0/0/0/0/0/0 Lore% 2 Gallery% 9 Achievement% 9 Wizard Run 0 Options --------- Layout 1 ASCII 0 Keyboard 0 Movement Mouse Keybinds 0 Fullscreen 2 Font 24/Smallcaps Map View 25x17 Zoom Use 1% Tactical HUD 1 Map Filters NONE Filters NONE Steam 0 RUN: 95b096c0-74b6-4964-8d3b-c22be68584f6